 Dungeon Crawl Stone Soup version 0.29.1-12-g30fa7ad0bf (webtiles) character file.

Game seed: 12689265320987012017

130 xSliceyx the Magician (level 5, -8/35 HPs)
             Began as a Djinni Hedge Wizard on Dec 21, 2022.
             Mangled by Sigmund
             ... wielding a +0 scythe
              (10 damage)
             ... on level 3 of the Dungeon.
             The game lasted 00:07:59 (3210 turns).

xSliceyx the Magician (Djinni Hedge Wizard)         Turns: 3210, Time: 00:07:59

Health: -8/35      AC:  3    Str:  9    XL:     5   Next: 36%
Gold:   85         EV: 12    Int: 18    God:
                   SH:  0    Dex: 12

rFire   + + .      SeeInvis .   n - +0 spear (freeze)
rCold   x . .      Faith    .   (no shield)
rNeg    . . .      Spirit   .   b - +0 robe
rPois   ∞          Reflect  .   c - +0 hat
rElec   .          Harm     .   (no cloak)
rCorr   .          Rampage  .   a - +0 pair of gloves
Will    .....                   (boots unavailable)
Stlth   ++........              (no amulet)
HPRegen 0.11/turn               (no ring)
MPRegen 0.00/turn               (no ring)

@: attractive, flying
A: sickness immunity, fire resistance 2, cold vulnerability 1, float, innate
caster, HP casting, extra vitality 1
a: no special abilities


You were on level 3 of the Dungeon.
You visited 1 branch of the dungeon, and saw 3 of its levels.

You collected 85 gold pieces.

Inventory:

Hand Weapons
 n - a +0 spear of freezing (weapon)
Missiles
 k - 4 javelins
Armour
 a - a +0 pair of gloves (worn)
 b - a +0 robe (worn)
 c - a +0 hat (worn)
Jewellery
 g - an amulet of faith
Scrolls
 f - 3 scrolls of teleportation {unknown}
 i - a scroll of blinking {unknown}
 j - 2 scrolls of magic mapping {unknown}
 m - 2 scrolls of amnesia {unknown}
Potions
 d - a potion of flight
 e - 2 potions of attraction
 l - a potion of brilliance {unknown}
 o - a potion of lignification {unknown}


   Skills:
 - Level 2.1 Dodging
 - Level 1.5 Stealth
 + Level 4.4 Spellcasting


You couldn't memorise any spells.
You knew the following spells:

 Your Spells              Type           Power      Damage    Failure   Level
a - Magic Dart            Conj           76%        1d6       2%          1
b - Blink                 Tloc           38%        N/A       3%          2
c - Call Imp              Summ           19%        N/A       3%          2
d - Slow                  Hex            76%        N/A       2%          1
e - Conjure Flame         Conj/Fire      19%        6-21      7%          3
f - Mephitic Cloud        Conj/Pois/Air  19%        N/A       7%          3
g - Beastly Appendage     Tmut           38%        N/A       2%          1
h - Static Discharge      Conj/Air       19%        3-6/arc   3%          2
Your spell library was empty.

Dungeon Overview and Level Annotations

Branches:
Dungeon (3/15)

Altars:
Zin

Annotations:
D:3 Sigmund


Innate Abilities, Weirdness & Mutations

You are immune to sickness and miasma.
You are immune to poison.
Your flesh is very heat resistant. (rF++)
You are vulnerable to cold. (rC-)
You float through the air rather than walking.
You learn spells naturally, not from books.
Your magical power is your life essence.
You have superior vitality. (+4 MHP)


Message History

Sigmund casts a spell at you. The puff of flame hits you. You resist.
* * * LOW HITPOINT WARNING * * *
Sigmund points at you and mumbles some strange words.
You are more confused.
Sigmund points at you and mumbles some strange words.
You are more confused.
Sigmund gestures at you while chanting. You resist with some effort.
Sigmund casts a spell.
Sigmund flickers and vanishes!
Deactivating autopickup; reactivate with Ctrl-A.
Something hits you but does no damage.
You hear some strange, mumbled words.
A puff of flame appears from out of thin air!
The puff of flame hits you. You resist.
* * * LOW HITPOINT WARNING * * *
It was a potion of attraction.
You feel attractive to monsters.
You hear some strange, mumbled words.
A puff of flame appears from out of thin air!
The puff of flame hits you. You resist.
* * * LOW HITPOINT WARNING * * *
Something is attracted toward you.
It was a potion of flight.
You feel more buoyant. Something hits you.
* * * LOW HITPOINT WARNING * * *
Unknown command.
It was a potion of curing.
You feel better.
Casting: Magic Dart (safe; 2% risk of failure)
Confirm with . or Enter, or press ? or * to list all spells.
Aiming: Magic Dart (safe; 2% risk of failure)
Press: ? - help, Shift-Dir - straight line
Okay, then.
Something hits you!
* * * LOW HITPOINT WARNING * * *
Unknown command.
Something hits you!
You die...

.. #........ ##.#
#........ #..# #........
###.. #........ #...##
#........ #..#
#.#######..## ##.#
#..........##
#.##########......
#@##....# #..##.##
####..#....# #.###.##
#..........# #.# ##..
.....#####....###.####.≈
..## ####.....##..#..#.≈
##......###..##.##.≈
##..####..##.###.##)≈
##..## #)........##.≈
##..######......<...#.≈


There were no monsters in sight!

Vanquished Creatures
  An orc priest (D:3)
  2 gnolls (D:3)
  An adder (D:3)
  5 orcs (D:3)
  4 endoplasms
  4 goblins
  6 hobgoblins
  2 jackals (D:3)
  5 ball pythons (D:1)
  6 bats
  2 frilled lizards (D:1)
  3 kobolds
  3 rats
44 creatures vanquished.

Vanquished Creatures (collateral kills)
  2 gnolls (D:3)
  A worm (D:2)
3 creatures vanquished.

Grand Total: 47 creatures vanquished

Notes
Turn   | Place    | Note
-------+----------+-------------------------------------------
     0 | D:1      | xSliceyx the Djinni Hedge Wizard began the quest for the
                  | Orb.
     0 | D:1      | xSliceyx set off with the following spells memorised: Magic
                  | Dart, Blink, Call Imp, Slow, Conjure Flame, Mephitic Cloud.
     0 | D:1      | Reached XP level 1. HP: 15/15 MP: 0/0
   158 | D:1      | Reached XP level 2. HP: 4/21 MP: 0/0
   653 | D:1      | Reached skill level 3 in Spellcasting
  1151 | D:1      | Reached XP level 3. HP: 23/25 MP: 0/0
  1151 | D:1      | Learned a level 1 spell: Beastly Appendage
  2450 | D:3      | Reached XP level 4. HP: 20/31 MP: 0/0
  2574 | D:3      | Found a glowing silver altar of Zin.
  2603 | D:3      | Reached skill level 4 in Spellcasting
  2853 | D:3      | Reached XP level 5. HP: 32/35 MP: 0/0
  2853 | D:3      | Learned a level 2 spell: Static Discharge
  3154 | D:3      | Noticed Sigmund
  3206 | D:3      | HP: 1/35 [something/puff of flame (1)]
  3210 | D:3      | Mangled by Sigmund

Illustrated notes

Levels and vault maps discovered:
D:1:      grunt_arrival_crossed_arrows, layout_basic, kennysheep_boxes
D:2:      layout_basic, uniq_crazy_yiuf_cottage
D:3:      layout_rooms, kennysheep_ying_yang, mainiacjoe_overflow_paths,
          uniq_sigmund

Skill      XL: |  1  2  3  4 |
---------------+-------------+-----
Spellcasting   | 3 4 |  4.4
Dodging        | |  2.1
Stealth        | |  1.5

Action                   |  1- 3 |  4- 6 || total
-------------------------+-------+-------++-------
 Cast: Magic Dart        |    83 |    45 ||   128
       Call Imp          |     1 |     2 ||     3
       Conjure Flame     |       |     2 ||     2
       Slow              |       |     1 ||     1
  Use: Potion            |       |     3 ||     3
Armor: Robe              |     3 |     1 ||     4
Dodge: Dodged            |     8 |       ||     8
